 Dungeon Crawl Stone Soup version 0.22.1-1-ga44c0e5 (webtiles) character file.

294 Folque the Vandal (level 6, -1/42 HPs)
             Began as a Halfling Hunter on Sept 24, 2018.
             Was a Follower of Zin.
             Slain by a gnoll (6 damage)
             ... on level 4 of the Dungeon.
             The game lasted 00:14:35 (3908 turns).

Folque the Vandal (Halfling Hunter)                 Turns: 3908, Time: 00:14:35

Health: -1/42      AC: 11    Str: 13    XL:     6   Next: 60%
Magic:  6/6        EV: 17    Int:  9    God:    Zin [*.....]
Gold:   160        SH:  0    Dex: 17    Spells: 5/5 levels left

rFire    . . .     SeeInvis .   e - +0 short sword (protect)
rCold    . . .     Gourm    .   (shield restricted)
rNeg     . . .     Faith    .   c - +0 leather armour
rPois    .         Spirit   .   (no helmet)
rElec    .         Reflect  .   t - +0 cloak
rCorr    .         Harm     .   (no gloves)
MR       .....                  (no boots)
Stlth    ++........             (no amulet)
HPRegen  0.14/turn              (no ring)
MPRegen  0.10/turn              (no ring)

@: protection aura
A: small, mutation resistance 1
a: Recite, Donate Gold, Renounce Religion


You were on level 4 of the Dungeon.
You worshipped Zin.
Zin was aware of your devotion.
You were not hungry.

You visited 2 branches of the dungeon, and saw 5 of its levels.

You collected 177 gold pieces.
You donated 17 gold pieces to Zin.

Inventory:

Hand Weapons
 e - a +0 short sword of protection (weapon)
 l - a +0 short sword
 w - a +1 hunting sling
Missiles
 a - 110 stones (quivered)
 m - 4 tomahawks of returning
 q - 6 sling bullets
 r - 10 poisoned needles
 u - 2 needles of sleeping
 v - 6 needles of confusion
Armour
 c - a +0 leather armour (worn)
 t - a +0 cloak (worn)
Jewellery
 b - an uncursed amulet of harm {unknown}
 j - an uncursed ring of protection from fire {unknown}
 y - an uncursed ring of positive energy {unknown}
 z - an uncursed ring of wizardry {unknown}
Wands
 s - a wand of paralysis (19)
Scrolls
 h - 5 scrolls of remove curse {unknown}
 o - 2 scrolls of teleportation {unknown}
 p - 3 scrolls of identify
 x - a scroll of enchant weapon {unknown}
 C - a scroll of blinking {unknown}
 D - a scroll of amnesia {unknown}
Potions
 d - 3 potions of curing
 g - a potion of haste {unknown}
 i - 2 potions of flight {unknown}
 k - 2 potions of cancellation {unknown}
 n - a potion of heal wounds {unknown}
 A - a potion of magic {unknown}
 B - a potion of invisibility {unknown}
Comestibles
 f - 6 rations
 E - 2 chunks of flesh


   Skills:
 - Level 3.0 Fighting
 + Level 2.7 Short Blades
 - Level 7.0 Slings
 + Level 4.6 Dodging
 - Level 1.8 Stealth
 * Level 0.7 Invocations


You had 5 spell levels left.
You didn't know any spells.
Your spell library contained the following spells:

 Spells                   Type           Power        Failure   Level  Hunger
 Confusing Touch          Hex            #.....       45%         1    ##.....
 Confuse                  Hex            #.......     83%         3    ####...
 Gell's Gravitas          Tloc           #.........   83%         3    ####...
 Petrify                  Tmut/Erth      #.......     99%         4    #####..
 Metabolic Englaciation   Hex/Ice        #.........   100%        5    ######.
 Yara's Violent Unravell  Hex/Tmut       #.........   100%        5    ######.


Dungeon Overview and Level Annotations

Branches:
Dungeon (4/15)             Temple (1/1) D:4

Altars:
Ashenzari
Cheibriados
Dithmenos
Elyvilon
Fedhas
Gozag
Hepliaklqana
Kikubaaqudgha
Makhleb
Nemelex Xobeh
Okawaru
Qazlal
Ru
Sif Muna
Trog
Vehumet
Wu Jian
Xom
Yredelemnul
Zin
The Shining One


Innate Abilities, Weirdness & Mutations

You are small and have problems with some larger weapons.
You are somewhat resistant to further mutation.


Message History

You hit the gnoll.
The gnoll is heavily wounded.
The gnoll hits you.
* * * LOW HITPOINT WARNING * * *
It was a potion of curing.
You feel better.
The gnoll is lost in a daze.
You hit the gnoll.
Your weapon exudes an aura of protection.
The gnoll is heavily wounded.
The gnoll hits you!
* * * LOW HITPOINT WARNING * * *
You hit the gnoll.
The gnoll is almost dead.
The gnoll hits you but does no damage.
You closely miss the gnoll.
The gnoll is almost dead.
The gnoll completely misses you.
You barely miss the gnoll.
The gnoll is almost dead.
The gnoll hits you.
You die...

##......##..#...##..#.##...
#......##.####..>.##.#####
######....# ###..##..# # .
#.#### #...###.# # (. ###(#
##.#..##.# # .#. #.((#
#..##....# # ....######.###
##.#####..#
...(.(..#).########..######.####
(.....(()..)..g@.........).....#
.###..>(#####........####.<....#
###### ######...# #....... #...#
######## #####


You could see a gnoll (dazed).

Vanquished Creatures
  A centaur (D:4)
  Jessica (D:3)
  A worker ant (D:4)
  A hound skeleton (D:4)
  3 gnolls (D:4)
  4 adders
  3 worms
  2 dart slugs
  5 leopard geckos
  A ball python (D:1)
  4 giant cockroaches
  7 hobgoblins
  10 jackals
  5 kobolds
  2 quokkas
  10 bats
  4 frilled lizards
  6 goblins
  8 rats
78 creatures vanquished.

Notes
Turn   | Place    | Note
-------+----------+-------------------------------------------
     0 | D:1      | Folque the Halfling Hunter began the quest for the Orb.
     0 | D:1      | Reached XP level 1. HP: 14/14 MP: 1/1
    76 | D:1      | Reached XP level 2. HP: 16/19 MP: 2/2
   101 | D:1      | Reached skill level 6 in Slings
   383 | D:1      | Reached XP level 3. HP: 25/25 MP: 3/3
  1144 | D:2      | Reached XP level 4. HP: 24/31 MP: 4/4
  2256 | D:2      | Reached skill level 7 in Slings
  2579 | D:3      | Reached XP level 5. HP: 36/36 MP: 5/5
  2609 | D:3      | Noticed Jessica
  2621 | D:3      | Killed Jessica
  2621 | D:3      | Reached skill level 1 in Short Blades
  2718 | D:3      | Found an iron altar of Okawaru.
  2721 | D:3      | Found a deep blue altar of Sif Muna.
  2723 | D:3      | Found a radiant altar of Vehumet.
  3039 | D:4      | Found a staircase to the Ecumenical Temple.
  3075 | Temple   | Entered the Ecumenical Temple
  3278 | Temple   | Became a worshipper of Zin the Law-Giver
  3278 | Temple   | Reached * piety under Zin
  3737 | D:4      | Noticed a centaur
  3753 | D:4      | Reached XP level 6. HP: 20/42 MP: 6/6
  3900 | D:4      | HP: 2/42 [gnoll (3)]
  3908 | D:4      | Slain by a gnoll

Skill      XL: |  1  2  3  4  5  6 |
---------------+-------------------+-----
Fighting       | 2 3 |  3.0
Slings         | 6 7 |  7.0
Short Blades   | 1 2 |  2.7
Dodging        | 3 4 |  4.6
Stealth        | |  1.8
Invocations    | |  0.7

Action                   |  1- 3 |  4- 6 || total
-------------------------+-------+-------++-------
Melee: Short sword       |   129 |   144 ||   273
 Fire: Hunting sling     |    15 |    70 ||    85
Invok: Recite            |       |     2 ||     2
  Use: Scroll            |     2 |       ||     2
       Potion            |       |     1 ||     1
 Stab: Sleeping          |     4 |     2 ||     6
  Eat: Chunk             |     1 |     6 ||     7
       Ration            |       |     1 ||     1
Armor: Leather armour    |    43 |    47 ||    90
Dodge: Dodged            |   140 |   131 ||   271
